 Dungeon Crawl Stone Soup version 0.31.0-9-g3a7656b989 (webtiles) character file.

Game seed: 9842697168628689278

679 Doomgape the Ruffian (level 7, -2/61 HPs)
             Began as a Black Draconian Shapeshifter on Feb 3, 2024.
             Was an Initiate of Makhleb.
             Slain by a gnoll
             ... wielding a +0 spear
              (7 damage)
             ... on level 5 of the Dungeon.
             The game lasted 00:12:59 (3519 turns).

Doomgape the Ruffian (Black Draconian Shapeshifter) Turns: 3519, Time: 00:13:00

Health: -2/61      AC:  6    Str: 18    XL:     7   Next: 34%
Magic:  7/7        EV: 12    Int: 11    God:    Makhleb [......]
Gold:   207        SH:  0    Dex: 10    Spells: 3/6 levels left

rFire   . .          .
                       - Unarmed
rCold   . . .        (no shield)
rNeg    . . .        (body armour unavailable)
rPois   .            (helmet currently unavailable)
rElec   +            (cloak currently unavailable)
rCorr   .            (gloves currently unavailable)
SInv    +            (boots currently unavailable)
Will    .....        (no amulet)
Stlth   +            e - ring of see invisible
HPRegen 0.30/turn    (no ring)
MPRegen 0.10/turn

%: no passive effects
@: beast-form
A: beast (slay +2), breathe lightning, AC +6, unfitting armour, electricity
resistance, cold-blooded
a: Breathe Lightning, Begin Untransformation, Renounce Religion


You were on level 5 of the Dungeon.
You worshipped Makhleb.
Makhleb was noncommittal.
You were a hulking beast.
You visited 2 branches of the dungeon, and saw 6 of its levels.

You collected 207 gold pieces.

Inventory:

Hand Weapons
 h - the +4 war axe "Balo" {venom, Int+2}
   (You found it on level 4 of the Dungeon)

   Int+2:     It affects your intelligence (+2).
Jewellery
 d - a ring of fire
 e - a ring of see invisible (left hand)
Talismans
 b - a beast talisman
 c - a flux talisman
Scrolls
 j - 2 scrolls of identify
 k - a scroll of butterflies {unknown}
 l - a scroll of immolation
Potions
 a - a potion of lignification
 f - a potion of haste
 g - 2 potions of resistance
 i - a potion of might
 n - a potion of brilliance {unknown}


   Skills:
 + Level 5.1 Fighting
 - Level 1.7 Dodging
 + Level 5.4 Unarmed Combat
 + Level 5.1 Shapeshifting


You had 3 spell levels left.
You knew the following spells:

 Your Spells              Type           Power      Damage    Failure   Level
a - Blink                 Tloc           0%         N/A       47%         2
b - Apportation           Tloc           0%         N/A       34%         1

Your spell library contained the following spells:

 Spells                   Type           Power      Damage    Failure   Level
 Freeze                   Ice            0%         1d3       34%         1
 Magic Dart               Conj           0%         1d3       34%         1
 Call Imp                 Summ           0%         N/A       47%         2
 Jinxbite                 Hex            0%         N/A       47%         2
 Call Canine Familiar     Summ           0%         N/A       71%         3
 Frozen Ramparts          Ice            0%         1d1       71%         3
 Hailstorm                Conj/Ice       0%         3d5       71%         3
 Sigil of Binding         Hex            0%         N/A       71%         3
 Tukima's Dance           Hex            0%         N/A       71%         3
 Dimensional Bullseye     Hex/Tloc       0%         N/A       98%         4
 Iskenderun's Mystic Bla  Conj/Tloc      0%         2d3       98%         4
 Alistair's Intoxication  Alch           0%         N/A       100%        5


Dungeon Overview and Level Annotations

Branches:
Dungeon (5/15)             Temple (1/1) D:4

Altars:
Cheibriados
Dithmenos
Elyvilon
Fedhas
Gozag
Kikubaaqudgha
Makhleb
Nemelex Xobeh
Okawaru
Qazlal
Ru
Sif Muna
Trog
Uskayaw
Wu Jian
Xom
Yredelemnul
Zin
The Shining One


Innate Abilities, Weirdness & Mutations

You are a hulking beast.
Your limbs bulge with bestial killing power. (Slay +2)
You can breathe wild blasts of lightning.
Your glossy black scales are hard. (AC +6)
You cannot fit into any form of body armour.
You are resistant to electric shocks. (rElec)
You are cold-blooded and may be slowed by cold attacks.


Message History

Makhleb accepts your kill. The gnoll completely misses you.
The gnoll misses you. The gnoll closely misses you.
You feel much better. The gnoll barely misses you. x2
The gnoll hits you from afar with a +0 spear.
The gnoll misses you. The gnoll barely misses you.
The gnoll hits you with a +0 spear.
You hit the gnoll but do no damage. The gnoll hits you with a +0 halberd!
The gnoll hits you but does no damage. x2
You are too injured to fight recklessly!
You punch the gnoll!
The gnoll is heavily wounded.
The gnoll hits you with a +0 halberd!
* * * LOW HITPOINT WARNING * * *
The gnoll closely misses you.
You punch the gnoll!
You kill the gnoll!
Makhleb accepts your kill. The gnoll barely misses you.
You punch the gnoll!
The gnoll is severely wounded.
The gnoll hits you with a +0 spear.
* * * LOW HITPOINT WARNING * * *
The gnoll hits you but does no damage.
You punch the gnoll!
You kill the gnoll!
Makhleb accepts your kill. The gnoll hits you with a +0 spear.
* * * LOW HITPOINT WARNING * * *
You closely miss the gnoll. You tail-slap the gnoll.
The gnoll is lightly wounded.
The gnoll hits you with a +0 spear!
* * * LOW HITPOINT WARNING * * *
You closely miss the gnoll. You punch the gnoll.
The gnoll is heavily wounded.
The gnoll misses you.
You hit the gnoll.
The gnoll is severely wounded.
The gnoll hits you with a +0 spear!
You die...

#.......# #.....#
#.......# #.....#
#.......# #.....#
#.......####.....#
#...........###.##
######'####.# #.#
####.#<.#.# #.#
#.........# #(#
#.....#######h#
#...........))g......
#.....######.........
#.....# #....?..##
#.....# #.......#
#.....# #.......#
#.....# #.......#
#.....# #.......#
#.....


You could see a gnoll.

Vanquished Creatures
  Grinder (D:3)
  Sigmund (D:2)
  A jelly (D:5)
  An orc priest (D:4)
  An iguana (D:5)
  Terence (D:3)
  2 orc wizards (D:4)
  2 adders
  6 gnolls
  2 dart slugs
  A ribbon worm (D:3)
  10 orcs
  7 bats
  7 endoplasms
  7 giant cockroaches
  9 goblins
  5 hobgoblins
  2 jackals (D:1)
  4 quokkas
  9 ball pythons
  4 frilled lizards
  7 kobolds
  6 rats
96 creatures vanquished.

Notes
Turn   | Place    | Note
-------+----------+-------------------------------------------
     0 | D:1      | Doomgape the Draconian Shapeshifter began the quest for the
                  | Orb.
     0 | D:1      | Reached XP level 1. HP: 16/16 MP: 1/1
   311 | D:1      | Reached XP level 2. HP: 20/23 MP: 2/2
  1079 | D:2      | Noticed Sigmund
  1091 | D:2      | Killed Sigmund
  1092 | D:2      | Reached XP level 3. HP: 7/31 MP: 3/3
  1092 | D:2      | Reached XP level 4. HP: 8/38 MP: 4/4
  1092 | D:2      | Reached XP level 5. HP: 10/45 MP: 5/5
  2192 | D:3      | Learned a level 2 spell: Blink
  2194 | D:3      | Learned a level 1 spell: Apportation
  2267 | D:3      | Noticed Grinder
  2268 | D:3      | Paralysed by Grinder for 5 turns
  2291 | D:3      | Paralysed by Grinder for 3 turns
  2300 | D:3      | Paralysed by Grinder for 2 turns
  2308 | D:3      | Killed Grinder
  2309 | D:3      | Reached XP level 6. HP: 47/53 MP: 6/6
  2341 | D:3      | Found a faded altar of an unknown god.
  2498 | D:3      | Noticed Terence
  2512 | D:3      | Killed Terence
  2513 | D:3      | Reached skill level 5 in Unarmed Combat
  2953 | D:4      | Found a hide-covered altar of Uskayaw.
  2979 | D:4      | Your scales start taking on a glossy black colour.
  2979 | D:4      | Reached XP level 7. HP: 54/60 MP: 7/7
  2979 | D:4      | Gained mutation: You are resistant to electric shocks.
                  | (rElec) [Black Draconian growth]
  3025 | D:4      | Identified the +4 war axe "Balo" {venom, Int+2}
  3060 | D:4      | Identified the +1 leather armour of the Arena {rPois Str+4
                  | Int+3}
  3119 | D:4      | Found a staircase to the Ecumenical Temple.
  3139 | D:4      | Reached skill level 5 in Shapeshifting
  3159 | Temple   | Entered the Ecumenical Temple
  3277 | Temple   | Became a worshipper of Makhleb the Destroyer
  3385 | D:4      | Found a bloodstained altar of Trog.
  3446 | D:5      | Entered Level 5 of the Dungeon
  3449 | D:5      | Reached skill level 5 in Fighting
  3519 | D:5      | Slain by a gnoll

Illustrated notes

Levels and vault maps discovered:
D:1:      nzn_arrival_settlement, layout_loops_ring
D:2:      kennysheep_six_static_rooms, layout_loops_ring, bh_walls_and_bars,
          uniq_sigmund
D:3:      layout_basic, ebering_ecumenical_altar_mist, guppyfry_early_orc_mine,
          uniq_terence, uniq_grinder
D:4:      layout_basic, mainiacjoe_overflow_cross_hatched, trog_butcher_becter,
          temple_green
D:5:      gammafunk_cloud_chamber, layout_basic,
          nicolae_hepliaklqana_hippocampus, kennysheep_generic_room_8
Temple:   nicolae_temple_bog_church

Skill      XL: |  1  2  3  4  5  6  7 |
---------------+----------------------+-----
Fighting       | 3 4 5 |  5.1
Unarmed Combat | 4 5 |  5.4
Shapeshifting  | 4 5 |  5.1
Dodging        | |  1.7

Action                     |  1- 3 |  4- 6 |  7- 9 || total
---------------------------+-------+-------+-------++-------
  Melee: Unarmed           |    86 |   136 |    15 ||   237
         Tailslap          |    12 |    21 |     2 ||    35
         Punch             |       |     2 |     2 ||     4
         War axe           |       |       |    27 ||    27
    Use: Scroll            |     3 |     2 |     2 ||     7
         Potion            |     1 |     3 |     1 ||     5
   Stab: Invisible         |     1 |       |       ||     1
         Sleeping          |       |     3 |     1 ||     4
 Armour: Skin              |    50 |    73 |    30 ||   153
  Dodge: Dodged            |    53 |    66 |    40 ||   159
